 Dungeon Crawl Stone Soup version 0.22-a0-439-gac93bac (webtiles) character file.

4074 Borgoz the Nimble (level 10, -5/82 (84) HPs)
             Began as a Ghoul Gladiator on May 29, 2018.
             Was a Believer of Kikubaaqudgha.
             Slain by a blink frog (17 damage)
             ... on level 1 of the Lair of Beasts.
             The game lasted 00:15:57 (8377 turns).

Borgoz the Nimble (Ghoul Gladiator)                 Turns: 8377, Time: 00:15:58

HP:   -5/82 (84)    AC:  5    Str: 19    XL:     10   Next: 25%
MP:   9/9           EV: 18    Int:  3    God:    Kikubaaqudgha [**....]
Gold: 374           SH:  5    Dex: 18    Spells: 9/9 levels left

rFire    . . .     SeeInvis .     - Unarmed
rCold    + . .     Gourm    .   (no shield)
rNeg     + + +     Faith    .   D - +0 leather armour {MR+}
rPois    ∞         Spirit   .   b - +0 helmet
rElec    .         Reflect  +   (no cloak)
rCorr    .         Harm     .   (no gloves)
MR       ++...                  (no boots)
Stlth    +.........             w - +5 amulet of reflection
HPRegen  0.00/turn              f - ring of protection from magic
MPRegen  0.11/turn              l - +5 ring of dexterity

@: rotting
A: rotting body, claws 1, carnivore, cold resistance 1, negative energy
resistance 3, inhibited regeneration, torment resistance, unbreathing
a: Receive Corpses, Renounce Religion


You were on level 1 of the Lair of Beasts.
You worshipped Kikubaaqudgha.
Kikubaaqudgha was pleased with you.
You were not hungry.

You visited 3 branches of the dungeon, and saw 10 of its levels.

You collected 374 gold pieces.

Inventory:

Hand Weapons
 i - a +0 short sword of draining
Missiles
 c - 3 throwing nets (quivered)
Armour
 b - a +0 helmet (worn)
 D - a +0 leather armour of magic resistance (worn)
Jewellery
 f - a ring of protection from magic (left claw)
 k - a +1 ring of evasion
 l - a +5 ring of dexterity (right claw)
 u - an uncursed ring of flight
 w - a +5 amulet of reflection (around neck)
 B - a +1 ring of evasion
 E - an uncursed ring of protection from cold
Wands
 m - a wand of flame (51)
 s - a wand of polymorph (14)
Scrolls
 e - 2 scrolls of teleportation {unknown}
 g - 6 scrolls of magic mapping
 j - a scroll of enchant weapon {unknown}
 n - 5 scrolls of remove curse {unknown}
 p - a scroll of amnesia {unknown}
 q - a scroll of noise {unknown}
 r - 3 scrolls of fear {unknown}
 t - a scroll of holy word {unknown}
 x - 2 scrolls of fog {unknown}
 y - a scroll of blinking {unknown}
 z - a scroll of enchant armour {unknown}
Potions
 a - 3 potions of flight
 h - 3 potions of curing
 o - a potion of brilliance
 v - a potion of invisibility
 C - a potion of experience {unknown}
Comestibles
 d - 10 rations


   Skills:
 + Level 6.7 Fighting
 - Level 1.7 Throwing
 * Level 7.7 Armour
 * Level 8.2 Dodging
 + Level 7.2 Unarmed Combat


You had 9 spell levels left.
You didn't know any spells.
Your spell library contained the following spells:

 Spells                   Type           Power        Failure   Level  Hunger
 Cause Fear               Hex            #.........   100%        4    #####..
 Magic Dart               Conj           #...         56%         1    ##.....
 Conjure Flame            Conj/Fire      #.......     91%         3    ####...
 Slow                     Hex            #.......     71%         2    ###....
 Mephitic Cloud           Conj/Pois/Air  #.......     91%         3    ####...
 Blink                    Tloc           N/A          71%         2    ###....
 Pain                     Necr           #...         56%         1    ##.....
 Animate Skeleton         Necr           N/A          56%         1    ##.....
 Call Imp                 Summ           #.......     71%         2    ###....
 Regeneration             Chrm/Necr      #.........   91%         3    ####...
 Corpse Rot               Necr           N/A          71%         2    ###....
 Corona                   Hex            #......      56%         1    ##.....
 Portal Projectile        Hex/Tloc       #.....       91%         3    ####...
 Leda's Liquefaction      Hex/Erth       #.........   100%        4    #####..
 Inner Flame              Hex/Fire       #.......     91%         3    ####...


Dungeon Overview and Level Annotations

Branches:
Dungeon (8/15)             Temple (1/1) D:4            Lair (1/6) D:8

Altars:
Ashenzari
Cheibriados
Dithmenos
Elyvilon
Fedhas
Gozag
Hepliaklqana
Kikubaaqudgha
Makhleb
Nemelex Xobeh
Okawaru
Qazlal
Ru
Sif Muna
Trog
Uskayaw
Vehumet
Wu Jian
Xom
Yredelemnul
Zin
The Shining One

Annotations:
D:7 tstbtto's ghost, novice MiFi


Innate Abilities, Weirdness & Mutations

Your body is rotting away.
You thrive on raw meat.
You are immune to poison.
You have sharp fingernails.
You are carnivorous and can eat meat at any time.
Your flesh is cold resistant. (rC+)
You are immune to negative energy. (rN+++)
You do not regenerate when monsters are visible.
You are immune to unholy pain and torment.
You can survive without breathing.


Message History

The blink frog hits you! The blink frog barely misses you.
You are too injured to fight recklessly!
You are too injured to fight recklessly!
You claw the blink frog!
The blink frog is heavily wounded.
The blink frog blinks!
You claw the blink frog!
The blink frog is almost dead.
The blink frog blinks!
The blink frog hits you!
You claw the blink frog!
You kill the blink frog!
Kikubaaqudgha accepts your kill. The blink frog completely misses you.
You scratch the blink frog but do no damage.
The blink frog is heavily wounded.
The blink frog hits you!
* * * LOW HITPOINT WARNING * * *
The blink frog hits you!
You die...
Kikubaaqudgha rasps: "You have failed me!
Welcome... oblivion!"

... ... ### #. #F#
..# #. ##.# #..
#.###.... ... ..##
#........ ..# #r§
..####.## ##.. #F#
#.##### #..# #@#
#..##.######.###F#
.................#
#..#.######..#####
#.##.##.####.#
#............#
###.####P##### ###
###


You could see 3 blink frogs and a porcupine.

Vanquished Creatures
  Erica (D:8)
  Pikel (D:8)
  2 blink frogs (Lair:1)
  Sigmund (D:2)
  A basilisk (Lair:1)
  Eustachio (D:5)
  Duvessa (D:7)
  4 orc warriors
  4 ogres
  A phantom (D:3)
  A centaur (D:7)
  Blork the orc (D:5)
  2 bullfrogs
  Dowan (D:7)
  A crimson imp (D:5)
  2 jellies
  A centaur skeleton (D:5)
  3 orc priests (D:7)
  2 bullfrog skeletons
  5 orc wizards
  An iguana (D:6)
  8 worker ants
  A hound zombie (D:5)
  8 gnolls
  9 adders
  2 shadow imps (D:7)
  2 oozes
  An adder skeleton (D:6)
  A worm (D:2)
  7 dart slugs
  3 leopard geckos
  38 orcs
  6 bats
  2 giant cockroaches
  8 goblins
  2 hobgoblins
  9 jackals
  3 kobolds
  3 quokkas
  5 frilled lizards
  A leopard gecko skeleton (D:4)
  3 quokka skeletons
  5 rats
164 creatures vanquished.

Notes
Turn   | Place    | Note
-------+----------+-------------------------------------------
     0 | D:1      | Borgoz the Ghoul Gladiator began the quest for the Orb.
     0 | D:1      | Reached XP level 1. HP: 17/17 MP: 0/0
   220 | D:1      | Reached XP level 2. HP: 22/23 MP: 1/1
   265 | D:1      | Reached skill level 3 in Dodging
   429 | D:1      | Reached skill level 1 in Armour
   780 | D:2      | Reached XP level 3. HP: 30/30 MP: 2/2
   804 | D:2      | Noticed Sigmund
  1190 | D:2      | Reached XP level 4. HP: 37/37 MP: 3/3
  1499 | D:3      | Noticed a phantom
  1580 | D:3      | Killed a phantom
  1580 | D:3      | Reached XP level 5. HP: 20/44 MP: 4/4
  2160 | D:4      | Reached skill level 4 in Dodging
  2221 | D:4      | Reached XP level 6. HP: 48/51 MP: 5/5
  2539 | D:4      | Found a staircase to the Ecumenical Temple.
  2583 | D:5      | Entered Level 5 of the Dungeon
  2627 | Temple   | Entered the Ecumenical Temple
  2846 | Temple   | Became a worshipper of Kikubaaqudgha
  2980 | D:4      | Found a burning altar of Makhleb.
  3175 | D:2      | Killed Sigmund
  3175 | D:2      | Reached XP level 7. HP: 25/58 MP: 6/6
  3865 | D:5      | Reached skill level 5 in Dodging
  3895 | D:5      | Reached * piety under Kikubaaqudgha
  3895 | D:5      | Identified Kikubaaqudgha's Incunabulum of Stolen Souls (Kikubaaqudgha gifted it to you on level 5 of the Dungeon)
  3895 | D:5      | Received a gift from Kikubaaqudgha
  3940 | D:5      | Noticed Blork the orc
  3943 | D:5      | Reached skill level 5 in Unarmed Combat
  3943 | D:5      | Reached XP level 8. HP: 31/67 MP: 7/7
  3960 | D:5      | Killed Blork the orc
  4315 | D:5      | Reached skill level 5 in Armour
  4476 | D:5      | Noticed Eustachio
  4490 | D:5      | Killed Eustachio
  4490 | D:5      | Reached skill level 6 in Dodging
  5034 | D:6      | Reached skill level 5 in Fighting
  5058 | D:6      | HP: 1/68 [orc warrior/battleaxe (19)]
  5497 | D:6      | Reached XP level 9. HP: 28/73 MP: 8/8
  6138 | D:7      | Reached ** piety under Kikubaaqudgha
  6231 | D:7      | Found a radiant altar of Vehumet.
  6238 | D:7      | Noticed Dowan
  6238 | D:7      | Noticed Duvessa
  6264 | D:7      | Killed Duvessa
  6267 | D:7      | Noticed tstbtto's ghost (novice MiFi)
  6270 | D:7      | Killed Dowan
  6270 | D:7      | Reached skill level 7 in Dodging
  7359 | D:8      | Found a staircase to the Lair.
  7359 | D:8      | Noticed Erica
  7373 | D:8      | Killed Erica
  7658 | D:8      | Noticed Pikel
  7682 | D:8      | Killed Pikel
  7682 | D:8      | Reached XP level 10. HP: 59/83 MP: 9/9
  7873 | D:8      | Reached skill level 8 in Dodging
  8290 | Lair:1   | Entered Level 1 of the Lair of Beasts
  8377 | Lair:1   | Slain by a blink frog

Vault maps used:
D:1:      tarquinn_simple_flora_water_d, minmay_fountain_box
D:2:      serial_forest, infiniplex_forest_straight_1,
          infiniplex_forest_end_double, infiniplex_forest_corner_1,
          infiniplex_forest_lined_3_way, infiniplex_forest_fountain,
          infiniplex_forest_clump_tiny, infiniplex_forest_clump_double,
          infiniplex_forest_clump_curved, infiniplex_forest_clump_tiny,
          first_ration, uniq_sigmund
D:3:      serial_bayou, serial_bayou_pond_e, serial_bayou_shore_b,
          serial_bayou_pond_d, serial_bayou_pond_d
D:4:      makhleb_blood_cavern_becter, temple_doors_ab
D:5:      wad_crossroads, uniq_blork_the_orc, uniq_eustachio
D:6:      kennysheep_six_static_rooms
D:7:      minmay_the_grid_octo_triangle, basic_altar, uniq_duvessa
D:8:      lair_entry_dummy, uniq_pikel, uniq_erica
Temple:   kilobyte_greek_temple
Lair:1:   beast_lair_carwin_large_4

Skill      XL: |  1  2  3  4  5  6  7  8  9 10 |
---------------+-------------------------------+-----
Dodging        | 3 4 5 6 7 8 |  8.2
Armour         | 1 2 3 4 5 7 |  7.7
Fighting       | 3 4 5 6 |  6.7
Unarmed Combat | 4 5 7 |  7.2
Throwing       | |  1.7

Action                   |  1- 3 |  4- 6 |  7- 9 | 10-12 || total
-------------------------+-------+-------+-------+-------++-------
Melee: Unarmed           |    92 |   210 |   489 |    36 ||   827
       Punch             |     1 |     3 |    18 |       ||    22
  Use: Potion            |       |       |    12 |       ||    12
       Scroll            |       |       |     8 |       ||     8
 Stab: Sleeping          |       |       |     2 |     1 ||     3
       Invisible         |       |       |     2 |       ||     2
  Eat: Chunk             |     7 |    15 |    36 |     5 ||    63
Armor: Leather armour    |    25 |     1 |    47 |     1 ||    74
       Chain mail        |       |    74 |     4 |       ||    78
Dodge: Dodged            |    65 |    91 |   307 |    24 ||   487
Block: Other             |       |       |    86 |     6 ||    92

Table legend:
 A = Spawn XP
 B = Non-spawn XP
 C = Spawn XP percentage of total XP
 D = Spawn monster count
 E = Non-spawn monster count
 F = Spawn count percentage of total count
 G = Total turns spent on level
                    A         B        C        D         E        F      G
               +---------+---------+-------+---------+---------+-------+---------
         Total |       0 |    5821 |   0.0 |       0 |     164 |   0.0 |  8377
               +---------+---------+-------+---------+---------+-------+---------
           D:1 |       0 |      30 |   0.0 |       0 |      15 |   0.0 |   776
           D:2 |       0 |     328 |   0.0 |       0 |      25 |   0.0 |   602
           D:3 |       0 |     204 |   0.0 |       0 |      15 |   0.0 |  1304
           D:4 |       0 |     274 |   0.0 |       0 |      23 |   0.0 |   765
           D:5 |       0 |    1000 |   0.0 |       0 |      24 |   0.0 |   985
           D:6 |       0 |     624 |   0.0 |       0 |      24 |   0.0 |  1948
           D:7 |       0 |     774 |   0.0 |       0 |      25 |   0.0 |   516
           D:8 |       0 |    1762 |   0.0 |       0 |       9 |   0.0 |  1136
        Lair:1 |       0 |     825 |   0.0 |       0 |       4 |   0.0 |    87
               +---------+---------+-------+---------+---------+-------+---------
